Map: Cerulean Fall LE

Players

Serral - Winner!

  • Race: Zerg Zerg
  • League: Master
  • Spawn Location: 1:00

LiquidTaeJa (TaeJa)

  • Race: Terran Terran
  • League: Diamond
  • Spawn Location: 7:00

Event: HomeStory Cup XVIII

VOD

Have the link to the VOD?

Description

Time

  • Played on: Nov. 24, 2018, 11:39 a.m.
  • Length: 24:07

All games in this series

Show
View Real Time Build Order
Export as new Build Order

Serral Zerg - Winner!

Build Orders: Hatch First, Muta Ling Bane 

Get SALT Encoding   

  12  0:00  Drone  
  13  0:12  Overlord  
  13  0:17  Drone  
  14  0:30  Drone x2  
  16  0:48  Hatchery  
  15  0:51  Drone  
  15  0:55  Drone  
  17  0:58  Drone  
  18  1:09  Extractor  
  17  1:13  Spawning Pool  
  17  1:16  Drone  
  17  1:20  Drone  
  18  1:27  Drone  
  19  1:38  Drone  
  20  1:49  Drone  
  21  1:59  Queen x2  
  21  2:00  Zergling x2  
  21  2:01  Zergling x2  
  27  2:14  Overlord  
  27  2:24  Drone, Hatchery  
  27  2:27  Drone  
  28  2:31  Metabolic Boost  
  28  2:34  Drone  
  28  2:36  Drone  
  30  2:42  Drone  
  31  2:47  Queen  
  33  2:52  Overlord  
  33  2:55  Drone  
  33  2:57  Drone  
  35  2:59  Drone  
  36  3:10  Drone x2  
  36  3:11  Drone  
  36  3:12  Drone x2  
  41  3:19  Overlord  
  41  3:22  Drone  
  41  3:23  Queen  
  44  3:29  Overlord  
  44  3:35  Queen  
  44  3:36  Overlord  
  44  3:37  Drone  
  44  3:39  Drone  
  48  3:41  Drone  
  48  3:43  Drone  
  48  3:44  Drone  
  51  3:50  Zergling x4  
  53  3:57  Zergling x2  
  53  3:58  Drone  
  53  3:59  Drone x4  
  59  4:02  Queen  
  59  4:08  Overlord  
  61  4:12  Overlord  
  61  4:13  Drone  
  61  4:16  Queen  
  64  4:19  Overlord  
  64  4:22  Zergling x4  
  66  4:29  Drone, Spore Crawler  
  66  4:30  Spore Crawler x2  
  64  4:31  Drone  
  64  4:34  Drone  
  64  4:36  Zergling x2  
  68  4:38  Zergling x2  
  68  4:39  Drone  
  68  4:40  Spore Crawler  
  68  4:41  Zergling x2  
  68  4:42  Drone  
  68  4:44  Drone  
  71  4:45  Drone  
  71  4:46  Drone  
  71  4:47  Drone  
  74  4:53  Evolution Chamber x2  
  74  4:55  Overlord, Drone  
  74  4:58  Overlord  
  74  4:59  Drone  
  74  5:04  Drone x3  
  77  5:07  Drone x2  
  77  5:09  Drone  
  77  5:13  Extractor  
  77  5:14  Extractor  
  78  5:16  Lair  
  78  5:18  Zergling x2  
  78  5:19  Zerg Melee Weapons Level 1  
  78  5:20  Drone x3  
  82  5:24  Zerg Ground Armor Level 1  
  82  5:26  Drone  
  82  5:27  Drone  
  84  5:30  Extractor x2  
  84  5:33  Drone, Spore Crawler  
  84  5:34  Zergling x4  
  84  5:35  Drone  
  84  5:36  Drone x2  
  84  5:40  Drone  
  84  5:41  Drone  
  84  5:42  Baneling Nest  
  88  5:43  Overlord  
  88  5:48  Zergling x6  
  88  5:49  Drone x2  
  92  5:58  Drone  
  92  5:59  Drone x2  
  92  6:00  Overlord  
  92  6:03  Drone  
  95  6:06  Drone x2  
  95  6:07  Drone x2  
  95  6:08  Zergling x4  
  100  6:13  Overseer, Overlord  
  100  6:17  Drone  
  100  6:18  Hatchery  
  100  6:19  Extractor  
  100  6:22  Drone x4  
  102  6:26  Centrifical Hooks  
  102  6:33  Spire  
  102  6:34  Zergling x10  
  102  6:39  Baneling x5  
  106  6:40  Zergling x2, Baneling x2  
  106  6:41  Zergling x2  
  108  6:49  Zergling x4  
  108  6:51  Overlord x2  
  108  6:52  Zergling x6  
  113  6:57  Zergling x4  
  113  6:58  Zergling x4  
  117  7:03  Overlord  
  117  7:08  Drone x4  
  120  7:11  Drone  
  120  7:12  Overlord  
  115  7:17  Zergling x4  
  115  7:20  Zerg Melee Weapons Level 2  
  115  7:21  Zerg Ground Armor Level 2  
  114  7:26  Zergling x10  
  119  7:34  Queen  
  121  7:37  Overlord  
  121  7:40  Overlord  
  121  7:45  Mutalisk x8  
  137  7:52  Drone x3  
  138  8:00  Zergling x14  
  138  8:02  Hatchery  
  138  8:03  Baneling  
  138  8:04  Baneling x5  
  144  8:07  Baneling x5  
  144  8:08  Baneling x2  
  144  8:09  Zergling x10  
  144  8:10  Zergling x2  
  150  8:16  Overlord x2  
  150  8:20  Hatchery  
  150  8:24  Drone  
  150  8:31  Hatchery  
  150  8:32  Mutalisk x3  
  150  8:33  Mutalisk  
  149  8:36  Pneumatized Carapace  
  149  8:37  Zergling x8  
  148  8:48  Zergling x8  
  148  8:49  Zergling x2  
  148  8:50  Zergling x14  
  148  8:53  Drone  
  148  8:55  Infestation Pit  
  159  8:59  Zergling x4  
  161  9:08  Zergling x8  
  164  9:14  Zergling x28  
  178  9:17  Baneling x4  
  178  9:27  Drone x3  
  178  9:28  Drone x2  
  183  9:32  Zergling x2  
  170  9:38  Mutalisk  
  170  9:39  Mutalisk x3  
  170  9:43  Zergling x14  
  185  9:49  Baneling x21  
  185  9:54  Zergling x8  
  185  9:55  Overseer, Hatchery  
  188  10:02  Hive  
  188  10:06  Drone x2  
  188  10:07  Drone  
  189  10:09  Overlord x2  
  189  10:12  Overlord  
  189  10:25  Overlord x2  
  189  10:28  Spore Crawler  
  189  10:31  Drone x3  
  189  10:32  Extractor  
  189  10:33  Zergling x6  
  189  10:34  Zergling x12  
  187  10:46  Zergling x28  
  184  10:55  Baneling x5  
  184  10:56  Zergling x8, Baneling x5  
  187  10:58  Queen  
  187  11:03  Zergling x14  
  194  11:15  Burrow  
  190  11:20  Zergling x20  
  190  11:21  Overseer  
  190  11:24  Adrenal Glands  
  190  11:25  Zerg Ground Armor Level 3, Zerg Melee Weapons Level 3  
  200  11:28  Ultralisk Cavern  
  199  11:38  Spore Crawler  
  199  11:39  Drone x2  
  195  11:49  Zergling x24  
  184  11:57  Zergling x24  
  187  12:03  Baneling x9  
  187  12:04  Baneling x8  
  187  12:06  Drone x4  
  191  12:09  Zergling x18  
  191  12:14  Baneling x15  
  191  12:15  Baneling x9  
  189  12:34  Chitinous Plating  
  190  12:37  Drone x2  
  190  12:40  Overseer  
  191  12:44  Zergling x16  
  199  12:57  Drone x5  
  196  13:03  Spore Crawler  
  195  13:10  Extractor x2, Drone x3  
  195  13:11  Drone x3  
  199  13:19  Hatchery  
  196  13:32  Ultralisk  
  195  13:49  Zergling x10  
  195  13:53  Anabolic Synthesis  
  196  14:07  Zergling x34  
  197  14:10  Baneling x14  
  197  14:11  Baneling x11  
  197  14:23  Greater Spire  
  197  14:25  Spire, Drone  
  197  14:28  Zergling x4  
  199  14:39  Spore Crawler  
  199  14:40  Zergling x2  
  199  14:49  Extractor  
  199  14:51  Extractor  
  186  15:04  Zergling x10, Ultralisk x2  
  197  15:10  Baneling x12  
  197  15:11  Baneling x5  
  193  15:25  Zergling x2  
  193  15:26  Zergling x14  
  193  15:28  Baneling x17  
  199  15:39  Zergling x12  
  197  15:48  Zergling x38  
  193  15:52  Zergling x18  
  193  15:56  Baneling x15  
  191  16:05  Zergling x16  
  191  16:10  Zerg Flyer Weapons Level 1  
  199  16:11  Zerg Flyer Armor Level 1  
  188  16:29  Spore Crawler  
  188  16:32  Spore Crawler  
  185  16:33  Corruptor x7  
  195  16:48  Hatchery  
  189  16:58  Hatchery, Zergling x24  
  189  16:59  Zergling x2  
  198  17:13  Overseer x2  
  193  17:33  Zergling x10, Ultralisk  
  199  17:41  Drone x5  
  192  17:45  Drone x8  
  192  17:47  Extractor x2  
  198  17:53  Zergling x2  
  198  17:54  Zergling x10  
  192  18:05  Zergling x16  
  192  18:09  Zerg Flyer Armor Level 2, Zerg Flyer Weapons Level 2  
  197  18:12  Zergling x2  
  197  18:13  Zergling x6  
  192  18:20  Zergling x22  
  192  18:26  Baneling x8  
  185  18:29  Baneling x10  
  185  18:34  Corruptor x4  
  184  18:38  Zergling x14  
  199  18:45  Baneling x6  
  199  18:46  Baneling x14  
  199  18:54  Hatchery  
  198  18:56  Baneling x7  
  198  19:01  Overseer x2  
  198  19:07  Zergling x14  
  196  19:11  Overlord  
  196  19:12  Overlord  
  189  19:18  Overlord x2  
  189  19:19  Baneling x9  
  189  19:20  Zergling x2, Baneling x9  
  189  19:21  Zergling x6  
  185  19:36  Zergling x36  
  199  19:44  Drone x2, Baneling x3  
  197  19:50  Extractor, Drone x3  
  197  19:51  Zergling x4  
  188  20:01  Baneling  
  188  20:02  Baneling x11  
  185  20:09  Zergling x46  
  185  20:13  Overseer  
  186  20:31  Ultralisk x2  
  186  20:34  Zergling x8  
  199  20:46  Hatchery  
  194  20:57  Drone x3  
  194  20:58  Spore Crawler x2  
  194  20:59  Extractor, Zergling x18  
  194  21:02  Extractor  
  182  21:20  Zergling x34  
  198  21:31  Corruptor x2  
  197  21:36  Hatchery  
  195  21:49  Baneling x8  
  195  21:52  Zergling x20  
  193  21:58  Zergling x34  
  184  22:02  Overseer x2  
  184  22:04  Overlord x2  
  184  22:06  Zergling x2, Ultralisk x2  
  195  22:11  Drone  
  195  22:12  Drone  
  195  22:15  Corruptor, Baneling x10  
  199  22:19  Zergling x6  
  186  22:36  Zergling x24  
  198  22:41  Baneling x2  
  198  22:44  Zergling x8  
  187  23:10  Baneling x13  
  187  23:11  Ultralisk, Baneling  
  187  23:12  Ultralisk  
  199  23:31  Hatchery  
  199  23:32  Baneling x4  
  199  23:33  Baneling x9  
  182  23:42  Zergling x12  
  182  23:43  Zergling x28  
  192  23:55  Hatchery  
Show
View Real Time Build Order
Export as new Build Order

LiquidTaeJa Terran 

Build Orders: Reaper Expand, Hellion Banshee 

Get SALT Encoding   

  12  0:00  SCV  
  13  0:12  SCV  
  14  0:17  Supply Depot  
  14  0:24  SCV  
  15  0:39  SCV  
  15  0:41  Barracks  
  16  0:43  Refinery  
  16  0:51  SCV  
  17  1:03  SCV  
  18  1:15  SCV  
  19  1:27  Orbital Command  
  19  1:28  Reaper  
  20  1:40  Command Center  
  20  1:51  Supply Depot  
  20  1:53  SCV  
  21  2:00  Marine  
  22  2:05  SCV  
  23  2:10  Factory  
  23  2:17  Refinery, SCV  
  23  2:21  Barracks Reactor  
  24  2:29  SCV  
  25  2:41  SCV  
  26  2:53  SCV, Orbital Command  
  26  2:55  Starport  
  27  3:02  Hellion x2  
  31  3:06  SCV  
  31  3:07  Barracks Tech Lab  
  32  3:16  Supply Depot  
  32  3:18  SCV  
  33  3:21  SCV  
  33  3:24  Hellion x2  
  38  3:32  SCV  
  38  3:33  SCV  
  40  3:37  Banshee  
  40  3:38  Cloaking Field  
  43  3:41  Marine  
  43  3:45  Supply Depot  
  43  3:47  SCV x2  
  46  3:54  Hellion  
  46  3:55  Hellion  
  50  3:59  SCV x2  
  50  4:01  Barracks Tech Lab  
  52  4:11  SCV x2  
  54  4:20  Banshee  
  54  4:23  Command Center  
  57  4:24  SCV  
  57  4:25  Factory Reactor, SCV  
  57  4:29  Supply Depot  
  59  4:33  Stimpack  
  59  4:38  SCV x2  
  61  4:46  Barracks  
  61  4:47  Barracks  
  61  4:50  SCV  
  61  4:51  SCV  
  63  4:55  Supply Depot  
  63  4:59  Marine  
  64  5:03  SCV x2  
  66  5:07  Engineering Bay x2, Factory Reactor  
  66  5:11  Refinery  
  66  5:12  Supply Depot  
  66  5:13  Starport Reactor, Refinery  
  66  5:15  SCV x2  
  68  5:22  Marine  
  68  5:27  SCV x2  
  71  5:35  Orbital Command  
  71  5:36  Barracks  
  71  5:37  Barracks  
  71  5:38  Terran Infantry Weapons Level 1, Terran Infantry Armor Level 1  
  71  5:42  Marine x3  
  73  5:44  Marine  
  73  5:48  SCV  
  73  5:49  SCV  
  77  5:50  Marine  
  77  5:52  Medivac  
  80  5:58  Medivac  
  80  5:59  Orbital Command  
  80  6:00  Marine  
  80  6:01  Widow Mine x2  
  87  6:05  Marine x2  
  87  6:07  SCV x2  
  87  6:11  Supply Depot  
  91  6:12  Supply Depot  
  91  6:14  Marine x2  
  93  6:19  SCV x2  
  93  6:23  Widow Mine x2  
  99  6:25  Barracks Reactor  
  99  6:26  Barracks Reactor  
  99  6:29  Medivac  
  99  6:32  Medivac, SCV  
  104  6:33  SCV  
  104  6:36  SCV  
  104  6:38  Marine x4  
  110  6:44  Armory  
  110  6:45  SCV  
  110  6:46  Combat Shield  
  111  6:47  SCV  
  111  6:51  SCV  
  113  6:55  Marine  
  113  6:56  Supply Depot  
  113  6:57  Supply Depot  
  113  6:59  SCV  
  113  7:00  Factory, SCV  
  116  7:04  Marine  
  117  7:17  Marine x8  
  117  7:20  SCV x2  
  117  7:21  Supply Depot  
  117  7:22  Marine  
  128  7:32  Terran Infantry Armor Level 2, Widow Mine x2, Command Center, Terran Infantry Weapons Level 2  
  128  7:35  Marine  
  133  7:42  Marine x3  
  133  7:43  Marauder  
  138  7:45  Marine x2  
  138  7:47  SCV  
  138  7:48  Refinery  
  138  7:50  Supply Depot  
  141  7:52  Terran Vehicle And Ship Armor Level 1  
  141  7:54  Barracks  
  141  7:55  Barracks  
  141  7:58  Barracks  
  141  8:09  Drilling Claws  
  141  8:11  Marine x6  
  141  8:12  Marauder  
  149  8:17  Supply Depot x3  
  149  8:21  Marine  
  149  8:30  Marine x2  
  149  8:32  Widow Mine  
  149  8:33  Missile Turret  
  149  8:35  Missile Turret x2  
  149  8:38  Missile Turret  
  149  8:39  Widow Mine  
  151  8:45  Marine  
  151  8:46  Marauder, Marine  
  151  8:47  Marine, Barracks Tech Lab x3  
  154  8:51  Medivac  
  154  8:52  Thor  
  154  8:53  Widow Mine  
  164  9:00  Widow Mine  
  166  9:06  Marine x3  
  164  9:12  Planetary Fortress, SCV x2  
  164  9:13  SCV  
  165  9:18  Medivac  
  165  9:20  Marauder x3  
  165  9:21  Marauder  
  165  9:23  Widow Mine x2  
  179  9:29  Marine x2  
  181  9:34  Unknown x2  
  179  9:46  Supply Depot  
  179  9:47  Supply Depot x2  
  179  9:49  Supply Depot  
  179  9:51  Supply Depot  
  179  10:07  Marine  
  179  10:08  Marine x3  
  179  10:09  Widow Mine x3  
  179  10:10  Armory  
  179  10:12  Marine x2  
  188  10:20  Marine, Marauder  
  188  10:21  SCV x3  
  194  10:22  Command Center  
  194  10:24  Marine, Marauder, Medivac  
  194  10:25  Orbital Command  
  194  10:26  Marine  
  171  10:50  Marauder x2, Marine x2  
  171  10:51  Marine x5, Marauder x2  
  171  10:52  Widow Mine x2  
  171  10:54  Widow Mine  
  192  10:58  SCV x4  
  196  11:06  Missile Turret  
  196  11:07  Supply Depot  
  196  11:08  Missile Turret, Marine x2  
  196  11:11  Terran Infantry Weapons Level 3, Terran Infantry Armor Level 3  
  196  11:16  Widow Mine  
  196  11:26  Missile Turret  
  196  11:28  Marine x2, Medivac  
  196  11:30  Missile Turret  
  196  11:31  Missile Turret  
  200  11:33  Sensor Tower  
  200  11:36  Concussive Shells  
  200  11:45  Marine  
  200  11:46  Medivac  
  200  11:49  Marauder  
  200  11:51  Widow Mine, Marauder  
  200  11:52  Marauder  
  200  11:55  Marauder  
  200  11:56  Command Center  
  200  11:58  Widow Mine x2  
  194  12:09  Marine x3  
  194  12:10  Marine x2  
  194  12:12  Widow Mine, Marauder  
  200  12:27  Marauder x2  
  196  12:30  Planetary Fortress  
  196  12:31  Marine  
  197  12:38  Widow Mine  
  199  12:44  Ghost Academy  
  199  12:45  Terran Vehicle And Ship Armor Level 2  
  199  12:54  Marine, Command Center  
  200  13:04  Missile Turret x2  
  197  13:06  Marine x2  
  197  13:07  Marine  
  200  13:17  Missile Turret  
  200  13:24  Unknown  
  200  13:25  Unknown  
  200  13:26  Marauder  
  200  13:28  Missile Turret  
  200  13:34  Unknown x2  
  197  13:35  Missile Turret  
  197  13:37  Planetary Fortress  
  197  13:38  SCV  
  197  13:39  SCV x2  
  197  13:41  Personal Cloaking  
  200  13:48  Neosteel Armor  
  200  14:08  Marine x5, Marauder x2  
  200  14:09  Marauder, Marine x3  
  168  14:11  Widow Mine  
  168  14:12  Widow Mine x2  
  168  14:14  Marauder  
  176  14:26  Marine x5  
  176  14:30  Marauder x3  
  187  14:31  Refinery  
  187  14:32  Refinery  
  187  14:33  Widow Mine x2, Command Center  
  191  14:40  Marine  
  191  14:41  Marauder  
  194  14:50  Widow Mine  
  194  14:51  Marauder  
  196  14:54  Marauder x2, Marine  
  193  15:00  Marine x2  
  193  15:01  Marine x2  
  193  15:02  Widow Mine  
  199  15:19  Marauder  
  199  15:20  Marauder x2  
  193  15:28  Marine x2  
  193  15:29  Marauder, Marine x2  
  193  15:35  Marine  
  200  15:39  Marine x2  
  200  15:40  Marine  
  200  15:41  Marauder x3  
  199  15:46  Marine x2  
  199  15:48  Marine  
  199  15:49  Marine  
  181  15:50  Widow Mine x2, Marauder  
  181  15:51  Medivac x2  
  181  15:53  Marine  
  181  15:56  Marine  
  181  15:57  Marine  
  182  15:58  Marine  
  182  16:02  Marauder x3  
  182  16:04  Widow Mine, Marine x2  
  191  16:06  Marine  
  191  16:07  Marine  
  191  16:11  Marine  
  196  16:12  Widow Mine, Marauder  
  196  16:14  Marine  
  200  16:21  Marine  
  200  16:22  Marine x3  
  200  16:23  Widow Mine, Marauder  
  200  16:24  Marauder x2, Marine  
  194  16:26  Marine  
  194  16:28  Marine  
  196  16:39  Unknown x4  
  188  16:40  Widow Mine x2  
  192  16:47  Ghost x4  
  192  16:48  Planetary Fortress  
  198  17:11  Unknown  
  196  17:15  Missile Turret x2  
  196  17:16  Widow Mine x2  
  196  17:17  Missile Turret  
  196  17:19  Ghost x2  
  196  17:22  Missile Turret  
  200  17:23  Missile Turret  
  200  17:24  Missile Turret  
  187  17:32  Medivac x2  
  178  17:37  Marine x8  
  178  17:38  Widow Mine  
  178  17:39  Widow Mine x2  
  190  17:45  Armory, Marine x2  
  190  17:50  Unknown x3  
  191  17:55  Marine x3  
  191  17:57  Marine x3, Marauder x2  
  177  18:00  Widow Mine  
  177  18:02  Medivac x2  
  177  18:03  Marine x2, Marauder  
  177  18:05  Marine  
  171  18:12  Marine  
  171  18:13  Marine x2  
  171  18:19  Marauder x2  
  153  18:21  Marine  
  153  18:23  Marauder  
  153  18:24  Marauder, Marine  
  153  18:25  Marine x2  
  161  18:31  Marine x3  
  161  18:32  Marine, Medivac x2  
  161  18:33  Widow Mine  
  161  18:34  Widow Mine x2  
  175  18:39  Marine x3  
  178  18:42  Marine x2  
  178  18:43  Marine  
  178  18:44  Marauder  
  178  18:46  Marauder, Command Center  
  182  18:49  Marine  
  183  18:57  Ghost x2  
  183  18:58  Marine  
  183  18:59  Marine  
  183  19:02  Medivac x2  
  193  19:04  Marine  
  193  19:05  Marine x2  
  192  19:11  Marine  
  192  19:13  Marine x2  
  183  19:19  Marine x2  
  183  19:20  Marauder x2  
  183  19:21  Widow Mine x3  
  183  19:22  Marine x2  
  195  19:32  Medivac x2  
  195  19:35  Marine x2, Marauder  
  195  19:36  Marauder  
  189  19:42  Marine x2  
  189  19:43  Marine x2, Marauder x2  
  189  19:44  SCV x2  
  189  19:45  SCV  
  191  19:46  SCV  
  188  19:56  SCV  
  188  19:57  SCV x2  
  188  19:59  Marine x4  
  193  20:08  Marine x4  
  193  20:12  Marine x3  
  176  20:18  Marine, Marauder  
  164  20:23  Marine x2  
  164  20:26  Widow Mine x3  
  164  20:27  Marine x2  
  174  20:30  Marauder  
  174  20:35  Marine x3  
  177  20:37  Marine x2  
  172  20:53  SCV x3  
  172  20:56  Marine  
  172  20:57  Marine x3  
  176  21:04  Marine x5  
  176  21:05  SCV  
  176  21:06  SCV x2  
  176  21:07  Refinery  
  176  21:09  Refinery  
  183  21:17  SCV  
  183  21:18  SCV  
  167  21:21  SCV  
  167  21:24  Marine x3  
  162  21:28  Marine x3  
  162  21:29  SCV  
  162  21:30  SCV  
  162  21:32  Refinery  
  163  21:33  Marine x2  
  163  21:34  Refinery, SCV  
  163  21:36  Marine x4  
  164  21:41  SCV  
  164  21:42  Marine, SCV  
  164  21:46  SCV  
  164  21:53  SCV  
  156  21:54  SCV  
  156  21:59  Marauder x2  
  156  22:00  Marine x7  
  101  22:06  SCV x3  
  104  22:10  Marine x3  
  104  22:12  Widow Mine  
  109  22:17  Marine  
  109  22:18  Marine x2, SCV x2  
  109  22:21  Unknown x2  
  109  22:22  Marine x3  
  103  22:23  Marine x2  
  103  22:24  Orbital Command  
  103  22:26  SCV  
  103  22:27  SCV  
  109  22:30  SCV  
  109  22:36  Marine x2  
  111  22:44  Marine x4  
  111  22:45  Marine x5  
  111  22:46  Marine  
  111  22:48  SCV x3  
  120  22:54  Marine x2  
  120  22:57  Unknown  
  120  23:02  Marine x3  
  122  23:07  SCV x3  
  122  23:10  Marine x6  
  122  23:11  Marauder  
  119  23:20  Marine x2  
  119  23:21  SCV x2  
  119  23:24  Widow Mine x2  
  127  23:28  Missile Turret, Marauder x2  
  127  23:29  Marine x3  
  127  23:30  Marine x2  
  116  23:44  Marine  
  116  23:47  Marine x2  
  107  24:01  Unknown  
Tags
 
Add a new tag
Caveats
  • Supply blocks, unpowered buildings, or Contaminate may cause inaccurate times.
  • Supply counts are checked every 10 seconds.